 Dungeon Crawl Stone Soup version 0.22.0-6-g71bd7aa6b3 (webtiles) character file.

160 GordonOverkill the Sneak (level 5, 0/49 HPs)
             Began as a Naga Ice Elementalist on Aug 15, 2018.
             Was an Initiate of Okawaru.
             Slain by a sky beast (4 damage)
             ... on level 5 of the Dungeon.
             The game lasted 00:05:58 (4089 turns).

GordonOverkill the Sneak (Naga Ice Elementalist)    Turns: 4089, Time: 00:05:58

Health: 0/49       AC:  5    Str: 14 (15) XL:     5   Next: 41%
Magic:  8/8        EV:  4    Int: 15      God:    Okawaru [......]
Gold:   163        SH:  0    Dex: 11      Spells: 7/8 levels left

rFire    . . .     SeeInvis +   e - +1 dagger (elec)
rCold    . . .     Gourm    .   (no shield)
rNeg     . . .     Faith    .   o - +0 chain mail
rPois    +         Spirit   .   (no helmet)
rElec    .         Reflect  .   (no cloak)
rCorr    .         Harm     .   (no gloves)
MR       .....                  (no barding)
Stlth    ..........             (no amulet)
HPRegen  0.16/turn              i - +3 ring of strength
MPRegen  0.11/turn              (no ring)

@: very slow
A: large, see invisible, deformed body, poison resistance, slowness 2, slow
metabolism 1, spit poison 1, AC +1
a: Spit Poison, Renounce Religion


You were on level 5 of the Dungeon.
You worshipped Okawaru.
Okawaru was noncommittal.
You were not hungry.

You visited 1 branch of the dungeon, and saw 5 of its levels.

You collected 163 gold pieces.

Inventory:

Hand Weapons
 e - a +1 dagger of electrocution (weapon)
Armour
 o - a +0 chain mail (worn)
Jewellery
 i - a +3 ring of strength (left hand)
Scrolls
 a - a scroll of fog {unknown}
 h - a scroll of immolation {unknown}
 j - 3 scrolls of identify {unknown}
 m - a scroll of amnesia {unknown}
Potions
 f - a potion of invisibility
 k - a potion of flight
Comestibles
 c - 4 rations


   Skills:
 + Level 3.3 Fighting
 - Level 1.5 Dodging
 + Level 6.3 Stealth
 - Level 2.0 Spellcasting
   Level 1.0 Conjurations
 - Level 3.0 Ice Magic


You had 7 spell levels left.
You knew the following spells:

 Your Spells              Type           Power        Failure   Level  Hunger
a - Freeze                Ice            ##..         89%         1    #......

Your spell library contained the following spells:

 Spells                   Type           Power        Failure   Level  Hunger
 Magic Dart               Conj           #...         99%         1    #......
 Conjure Flame            Conj/Fire      #.......     100%        3    ###....
 Slow                     Hex            #.......     100%        2    ###....
 Throw Frost              Conj/Ice       #.....       99%         2    ###....
 Mephitic Cloud           Conj/Pois/Air  #.......     100%        3    ###....
 Blink                    Tloc           N/A          100%        2    ###....
 Summon Ice Beast         Ice/Summ       #.......     100%        4    #####..
 Ozocubu's Armour         Chrm/Ice       #.......     100%        3    ###....
 Call Imp                 Summ           #.......     100%        2    ###....
 Throw Icicle             Conj/Ice       #.......     100%        4    #####..


Dungeon Overview and Level Annotations

Branches:
Dungeon (5/15)
 Temple: D:4-7

Altars:
Fedhas
Hepliaklqana
Okawaru
Ru
Trog
Xom
The Shining One


Innate Abilities, Weirdness & Mutations

You cannot wear boots.
Your serpentine skin is tough. (AC +1)
You have supernaturally acute eyesight. (SInv)
Armour fits poorly on your strangely shaped body.
Your system is resistant to poisons. (rPois)
You cover ground very slowly.
You have a slow metabolism.
You can spit poison.


Message History

You miss the sky beast. The sky beast hits you. The sky beast shocks you.
* * * LOW HITPOINT WARNING * * *
You are too injured to fight recklessly!
You are too injured to fight recklessly!
You closely miss the sky beast.
The sky beast hits you but does no damage.
You are too injured to fight recklessly!
You closely miss the sky beast.
The sky beast hits you but does no damage.
You are too injured to fight recklessly!
You hit the sky beast but do no damage. The sky beast barely misses you.
You are too injured to fight recklessly!
Your chain mail prevents you from hitting the sky beast.
The sky beast hits you.
* * * LOW HITPOINT WARNING * * *
The sky beast shocks you.
* * * LOW HITPOINT WARNING * * *
Your chain mail prevents you from hitting the sky beast.
The sky beast hits you.
You die...

.... .#.
...##
...#
#..#
#####..#
#......#
#Y# #@#
#.# #.#
#.# ..#
... .#.
#. .


You could see a sky beast.

Vanquished Creatures
  Terence (D:3)
  A worker ant (D:4)
  6 adders
  A worm (D:2)
  2 dart slugs
  A leopard gecko (D:2)
  An orc (D:3)
  2 ball pythons (D:2)
  6 bats
  3 giant cockroaches
  5 goblins
  3 hobgoblins
  7 kobolds
  2 quokkas
  A frilled lizard (D:2)
  4 rats
46 creatures vanquished.

Notes
Turn   | Place    | Note
-------+----------+-------------------------------------------
     0 | D:1      | GordonOverkill the Naga Ice Elementalist began the quest for the Orb.
     0 | D:1      | Reached XP level 1. HP: 15/15 MP: 3/3
   331 | D:1      | Reached skill level 1 in Fighting
   331 | D:1      | Reached XP level 2. HP: 25/25 MP: 5/5
   649 | D:1      | Reached skill level 4 in Stealth
   861 | D:2      | Reached XP level 3. HP: 15/32 MP: 6/6
  1137 | D:2      | Found a hazy altar of Hepliaklqana.
  1138 | D:2      | Found a shimmering altar of Xom.
  1138 | D:2      | Noticed a torpor snail
  1139 | D:2      | Noticed a torpor snail
  1139 | D:2      | Noticed a spectral ugly thing
  1875 | D:3      | Reached skill level 5 in Stealth
  2230 | D:3      | Found an iron altar of Okawaru.
  2244 | D:3      | Became a worshipper of Warmaster Okawaru
  2310 | D:3      | Reached XP level 4. HP: 25/40 MP: 7/7
  2659 | D:3      | Found a bloodstained altar of Trog.
  2668 | D:3      | Found a glowing golden altar of the Shining One.
  2671 | D:3      | Found a sacrificial altar of Ru.
  2722 | D:3      | Noticed Terence
  2726 | D:3      | Killed Terence
  2929 | D:3      | Found a blossoming altar of Fedhas.
  3053 | D:4      | Reached XP level 5. HP: 49/49 MP: 8/8
  3096 | D:4      | Noticed a phantom
  3362 | D:4      | Reached skill level 6 in Stealth
  4063 | D:5      | Entered Level 5 of the Dungeon
  4063 | D:5      | Noticed a sky beast
  4089 | D:5      | Slain by a sky beast

Skill      XL: |  1  2  3  4  5 |
---------------+----------------+-----
Fighting       | 1 2 3 |  3.3
Stealth        | 4 5 6 |  6.3
Dodging        | |  1.5
Spellcasting   | |  2.0
Conjurations   | |  1.0
Ice Magic      | |  3.0

Action                   |  1- 3 |  4- 6 || total
-------------------------+-------+-------++-------
Melee: Dagger            |   101 |   124 ||   225
 Cast: Freeze            |     6 |       ||     6
  Use: Potion            |     5 |     4 ||     9
 Stab: Sleeping          |     4 |     1 ||     5
       Invisible         |     1 |       ||     1
  Eat: Chunk             |     1 |     1 ||     2
       Ration            |       |     2 ||     2
Armor: Robe              |     1 |       ||     1
       Ring mail         |    37 |     3 ||    40
       Skin              |    17 |       ||    17
       Scale mail        |       |     5 ||     5
       Chain mail        |       |    27 ||    27
Dodge: Dodged            |    53 |    35 ||    88
